 Dungeon Crawl Stone Soup version 0.29.1-15-g9cfb28693d (webtiles) character file.

Game seed: 6598376832344573777

2486 MacCMillion the Grappler (level 9, -4/89 HPs)
             Began as a Troll Fighter on Feb 24, 2023.
             Slain by a killer bee (6 damage)
             ... on level 7 of the Dungeon.
             The game lasted 00:08:25 (5669 turns).

MacCMillion the Grappler (Troll Fighter)            Turns: 5669, Time: 00:08:25

Health: -4/89      AC:  4    Str: 26      XL:     9   Next: 27%
Magic:  8/8        EV:  8    Int:  8      God:
Gold:   346        SH:  8    Dex:  6 (9)  Spells: 8/8 levels left

rFire   . . .      SeeInvis .     - Unarmed
rCold   . . .      Faith    .   b - +0 kite shield
rNeg    . . .      Spirit   .   a - +0 robe
rPois   .          Reflect  .   (helmet restricted)
rElec   .          Harm     .   (no cloak)
rCorr   .          Rampage  .   (gloves unavailable)
Will    ++...                   (boots unavailable)
Stlth   +.........              (no amulet)
HPRegen 1.04/turn               t - ring of willpower
MPRegen 0.11/turn               C - ring of willpower

@: no status effects
A: large, unfitting armour, claws 3, regeneration 1, shaggy fur 1, tough skin 1
a: no special abilities


You were on level 7 of the Dungeon.
You visited 2 branches of the dungeon, and saw 8 of its levels.

You collected 346 gold pieces.

Inventory:

Missiles
 p - 4 atropa-tipped darts (quivered)
 s - 2 throwing nets
 y - 3 javelins
Armour
 a - a +0 robe (worn)
 b - a +0 kite shield (worn)
Jewellery
 t - a ring of willpower (left claw)
 C - a ring of willpower (right claw)
 D - a ring of wizardry
Wands
 g - a wand of roots (2)
 F - a wand of flame (10)
Scrolls
 d - 2 scrolls of teleportation {unknown}
 e - 3 scrolls of poison {unknown}
 h - 2 scrolls of acquirement {unknown}
 i - 4 scrolls of noise {unknown}
 k - a scroll of enchant armour {unknown}
 m - 2 scrolls of butterflies {unknown}
 u - 2 scrolls of immolation {unknown}
 z - 4 scrolls of magic mapping {unknown}
 A - a scroll of amnesia {unknown}
 B - a scroll of fear {unknown}
 E - a scroll of blinking {unknown}
Potions
 c - 7 potions of might
 f - a potion of berserk rage {unknown}
 l - a potion of ambrosia {unknown}
 n - 2 potions of brilliance {unknown}
 o - 3 potions of degeneration
 q - a potion of invisibility {unknown}
 r - 2 potions of flight
 v - 2 potions of attraction
 w - 2 potions of mutation
 x - 3 potions of haste
 G - a potion of lignification {unknown}


   Skills:
 + Level 5.7 Fighting
 + Level 2.9 Dodging
 + Level 6.3 Shields
 * Level 9.0 Unarmed Combat


You had 8 spell levels left.
You didn't know any spells.
Your spell library contained the following spells:

 Spells                   Type           Power      Damage    Failure   Level
 Ensorcelled Hibernation  Hex/Ice        0%         N/A       80%         2
 Passwall                 Tmut/Erth      0%         N/A       80%         2
 Gell's Gravitas          Tloc           0%         N/A       95%         3
 Swiftness                Air            0%         N/A       95%         3
 Teleport Other           Tloc           0%         N/A       95%         3
 Leda's Liquefaction      Hex/Erth       0%         N/A       100%        4
 Passage of Golubria      Tloc           0%         N/A       100%        4
 Lee's Rapid Deconstruct  Erth           0%         3d5*      100%        5
 Silence                  Hex/Air        0%         N/A       100%        5
 Dispersal                Tloc           0%         N/A       100%        6
 Statue Form              Tmut/Erth      0%         N/A       100%        6
 Lehudib's Crystal Spear  Conj/Erth      0%         10d2      100%        8


Dungeon Overview and Level Annotations

Branches:
Dungeon (7/15)             Temple (1/1) D:6

Altars:
Ashenzari
Cheibriados
Dithmenos
Elyvilon
Fedhas
Hepliaklqana
Kikubaaqudgha
Makhleb
Nemelex Xobeh
Okawaru
Qazlal
Ru
Sif Muna
Trog
Uskayaw
Vehumet
Xom
Yredelemnul
Zin
The Shining One

Shops:
D:5 ?   D:6 ?   D:7 !

Annotations:
D:4 1 runed translucent door, Crazy Yiuf


Innate Abilities, Weirdness & Mutations

You are too large for most types of armour.
You have claws for hands.
Your natural rate of healing is unusually fast.
You are covered in fur. (AC +1)
You have tough skin. (AC +1)


Message History

You block the killer bee's attack. x2
The killer bee stings you but does no damage.
You feel much better.
The killer bee stings you but does no damage.
The killer bee closely misses you. You block the killer bee's attack.
The killer bee stings you but does no damage.
You barely miss the killer bee. The killer bee barely misses you.
You block the killer bee's attack. x2; The killer bee stings you.
* * * LOW HITPOINT WARNING * * *
You are poisoned.
The killer bee poisons you!
You claw the killer bee!
The killer bee is heavily wounded.
You feel sick. The killer bee barely misses you. x2
You mangle the killer bee!!
You kill the killer bee!
You feel sick. The killer bee stings you.
* * * LOW HITPOINT WARNING * * *
You are more poisoned.
The killer bee poisons you! You block the killer bee's attack.
You scratch the killer bee.
The killer bee is moderately wounded.
You feel sick. The killer bee stings you.
* * * LOW HITPOINT WARNING * * *
The killer bee stings you!
* * * LOW HITPOINT WARNING * * *
You claw the killer bee!
The killer bee is almost dead.
You feel sick. The killer bee closely misses you. The killer bee stings you.
* * * LOW HITPOINT WARNING * * *
Unknown command.
Unknown command.
You feel better.
The killer bee stings you but does no damage.
The killer bee stings you.
* * * LOW HITPOINT WARNING * * *
You miss the killer bee.
The killer bee is lightly wounded.
The killer bee stings you.
You die...

##....#.###.#######
...................
#
#######.###.#####..#
# ####.# #.####...#
# #....# #.......# #
#.#### #(..#####
########.# ##...+
#....)...# #..#.+
##.####..#####..@y+
..<#
#......####y####..#
####
#.######))'.......#
#.# #!#'.#.....# #.#
#[['...##### #.#
####.### #.# ... ...
### #.


You could see 2 killer bees.

Vanquished Creatures
  Grinder (D:3)
  Prince Ribbit (D:5)
  Eustachio (D:4)
  Menkaure (D:6)
  A water moccasin (D:6)
  An ice beast (D:5)
  An ogre (D:5)
  Blork the orc (D:4)
  A bullfrog (D:6)
  A necrophage (D:5)
  4 scorpions
  5 wights (D:7)
  3 killer bees (D:7)
  2 quasits (D:6)
  An orc priest (D:5)
  3 hounds
  A jelly (D:5)
  Terence (D:3)
  3 orc wizards
  4 iguanas
  A gnoll (D:1)
  8 adders
  5 shadow imps
  7 white imps
  4 ufetubi
  2 worms
  18 orcs
  5 bats
  8 endoplasms
  3 giant cockroaches
  8 goblins
  9 hobgoblins
  4 jackals (D:2)
  5 quokkas
  6 ball pythons
  9 kobolds
  6 rats
145 creatures vanquished.

Vanquished Creatures (others)
  3 demonic plants (D:6)
3 creatures vanquished.

Grand Total: 148 creatures vanquished

Notes
Turn   | Place    | Note
-------+----------+-------------------------------------------
     0 | D:1      | MacCMillion the Troll Fighter began the quest for the Orb.
     0 | D:1      | Reached XP level 1. HP: 22/22 MP: 0/0
   209 | D:1      | Reached XP level 2. HP: 29/29 MP: 1/1
   313 | D:1      | Reached XP level 3. HP: 36/36 MP: 2/2
   414 | D:1      | Reached skill level 3 in Unarmed Combat
  1099 | D:2      | Reached XP level 4. HP: 44/44 MP: 3/3
  1830 | D:3      | Noticed Terence
  1841 | D:3      | Killed Terence
  1931 | D:3      | Reached XP level 5. HP: 53/53 MP: 4/4
  1967 | D:3      | Reached skill level 4 in Unarmed Combat
  2098 | D:3      | Noticed Grinder
  2110 | D:3      | Paralysed by Grinder for 4 turns
  2118 | D:3      | Paralysed by Grinder for 4 turns
  2139 | D:3      | Killed Grinder
  2140 | D:3      | Reached skill level 5 in Unarmed Combat
  2140 | D:3      | Reached XP level 6. HP: 42/61 MP: 5/5
  2341 | D:3      | Found a shimmering altar of Xom.
  2341 | D:3      | Found a blossoming altar of Fedhas.
  2659 | D:4      | Noticed Blork the orc
  2660 | D:4      | Found a snail-covered altar of Cheibriados.
  2668 | D:4      | Killed Blork the orc
  2842 | D:4      | Noticed Eustachio
  2853 | D:4      | Killed Eustachio
  2854 | D:4      | Reached XP level 7. HP: 60/70 MP: 6/6
  2888 | D:4      | Reached skill level 6 in Unarmed Combat
  2942 | D:4      | Found a runed translucent door.
  2943 | D:4      | Noticed Crazy Yiuf
  2985 | D:4      | Found a hazy altar of Hepliaklqana.
  3153 | D:4      | Found a white marble altar of Elyvilon.
  3156 | D:4      | Found a glowing silver altar of Zin.
  3157 | D:4      | Found a glowing golden altar of the Shining One.
  3249 | D:5      | Entered Level 5 of the Dungeon
  3256 | D:5      | Found Odepn's Magic Scroll Boutique.
  3525 | D:5      | Noticed Prince Ribbit
  3543 | D:5      | Killed Prince Ribbit
  3544 | D:5      | Reached skill level 5 in Shields
  3544 | D:5      | Reached XP level 8. HP: 72/79 MP: 7/7
  3568 | D:5      | Reached skill level 7 in Unarmed Combat
  3768 | D:5      | Found an ancient bone altar of Kikubaaqudgha.
  4351 | D:6      | Found Uwige's Magic Scroll Shop.
  4368 | D:6      | Reached skill level 5 in Fighting
  4426 | D:6      | Found a staircase to the Ecumenical Temple.
  4448 | D:6      | Noticed Menkaure
  4472 | Temple   | Entered the Ecumenical Temple
  4515 | D:6      | Killed Menkaure
  4516 | D:6      | Reached skill level 8 in Unarmed Combat
  5152 | D:7      | Reached XP level 9. HP: 88/88 MP: 8/8
  5195 | D:7      | Identified the +2 helmet of Mezcal {rF+ Dex+3 Stlth+}
  5544 | D:7      | Found Ping's Distillery.
  5654 | D:7      | Reached skill level 9 in Unarmed Combat
  5660 | D:7      | HP: 1/89 [killer bee (6)]
  5667 | D:7      | HP: 1/89 [killer bee (6)]
  5669 | D:7      | Slain by a killer bee

Illustrated notes

Levels and vault maps discovered:
D:1:      lemuel_arrival_lava_pool, layout_basic
D:2:      minmay_alternating_diamond, layout_basic,
          nicolae_elevator_lobby_asterisk
D:3:      layout_basic, nicolae_overflow_two_pavilions, uniq_terence,
          uniq_grinder
D:4:      layout_cave_pools, good_gods_temple_1,
          mainiacjoe_overflow_cross_hatched, nicolae_hepliaklqana_hippocampus,
          minmay_statues_item, uniq_crazy_yiuf_cottage, uniq_blork_the_orc,
          uniq_eustachio
D:5:      layout_basic, nicolae_kikubaaqudgha_miasma_corner, serial_shops,
          kennysheep_mini, kennysheep_crisscross, uniq_prince_ribbit1
D:6:      layout_cave_pools, temple_green, serial_shops, nicolae_stop_n_shop_2,
          serial_demonic, serial_demonic_e, serial_demonic_d, serial_demonic_d,
          serial_demonic_f, serial_demonic_c, serial_demonic_e, uniq_menkaure
D:7:      layout_basic, pdpol_wu_jian_five_deadly_venoms, serial_shops, shop,
          eino_jars
Temple:   hellmonk_temple_two_chambers

Skill      XL: |  1  2  3  4  5  6  7  8  9 |
---------------+----------------------------+-----
Shields        | 3 4 5 6 |  6.3
Unarmed Combat | 3 5 6 8 9 |  9.0
Fighting       | 3 4 5 |  5.7
Dodging        | |  2.9

Action                   |  1- 3 |  4- 6 |  7- 9 || total
-------------------------+-------+-------+-------++-------
Melee: Unarmed           |    83 |   130 |   232 ||   445
  Use: Scroll            |       |       |     6 ||     6
       Potion            |       |       |     5 ||     5
Armor: Robe              |    23 |    37 |    96 ||   156
Dodge: Dodged            |    21 |    38 |   118 ||   177
Block: Kite shield       |    28 |    43 |   110 ||   181
